 Dungeon Crawl Stone Soup version 0.29-a0-398-ge13fd1374b (webtiles) character file.

Game seed: 15007269911837562357

375 domi the Conjurer (level 6, -4/36 (41) HPs)
             Began as a Demonspawn Hedge Wizard on May 12, 2022.
             Slain by a necrophage (6 damage)
             ... on level 4 of the Dungeon.
             The game lasted 00:05:59 (4869 turns).

domi the Conjurer (Demonspawn Hedge Wizard)         Turns: 4869, Time: 00:06:00

HP:   -4/36 (41)    AC:  2    Str: 11    XL:     6   Next: 44%
MP:   0/10          EV: 12    Int: 17    God:
Gold: 124           SH:  0    Dex: 12    Spells: 3/11 levels left

rFire   . . .      SeeInvis .   m - +2 dagger (elec)
rCold   . . .      Faith    .   (no shield)
rNeg    . . .      Spirit   +   b - +0 robe
rPois   .          Reflect  .   c - +0 hat
rElec   .          Harm     .   (no cloak)
rCorr   .          Rampage  .   (no gloves)
Will    .....                   (no boots)
Stlth   ++........              (no amulet)
HPRegen 0.12/turn               (no ring)
MPRegen 0.24/turn               (no ring)

@: heavily drained
A: antennae 1, magic shield, magic regeneration
a: no special abilities


You were on level 4 of the Dungeon.
You visited 1 branch of the dungeon, and saw 4 of its levels.

You collected 124 gold pieces.

Inventory:

Hand Weapons
 a - a +0 dagger
 g - a +1 dagger of pain
   (You took it off a goblin on level 1 of the Dungeon)
 m - a +2 dagger of electrocution (weapon)
   (You found it on level 3 of the Dungeon)
Missiles
 o - a throwing net {=f, !d=f}
Armour
 b - a +0 robe (worn)
 c - a +0 hat (worn)
 l - a +2 pair of gloves
   (You found it on level 2 of the Dungeon)
Jewellery
 i - an amulet of faith {Faith, !P!P}
   (You found it on level 1 of the Dungeon)
Scrolls
 d - a scroll of fear {unknown}
 e - 2 scrolls of fog {unknown}
 f - 4 scrolls of identify {unknown}
 h - a scroll of enchant weapon {unknown}
 j - 3 scrolls of teleportation {unknown}
Potions
 k - a potion of heal wounds {unknown}
 n - a potion of mutation {unknown}
 p - a potion of curing {unknown}
 q - 2 potions of attraction {unknown}


   Skills:
 - Level 1.7 Dodging
 - Level 1.7 Stealth
 - Level 3.0 Spellcasting
 - Level 5.0 Conjurations
 + Level 4.4 Summonings
 - Level 0.8 Translocations


You had 3 spell levels left.
You knew the following spells:

 Your Spells              Type           Power      Damage    Failure   Level
b - Blink                 Tloc           10%        N/A       19%         2
c - Mephitic Cloud        Conj/Pois/Air  8%         N/A       26%         3
x - Call Imp              Summ           17%        N/A       4%          2
z - Magic Dart            Conj           76%        1d6       2%          1

Your spell library contained the following spells:

 Spells                   Type           Power      Damage    Failure   Level
 Animate Skeleton         Necr           4%         N/A       17%         1
 Pain                     Necr           8%         1d4       17%         1
 Slow                     Hex            8%         N/A       17%         1
 Conjure Flame            Conj/Fire      11%        6-21      19%         3
 Vampiric Draining        Necr           2%         2d6       45%         3


Dungeon Overview and Level Annotations

Branches:
Dungeon (4/15)
 Temple: D:4-7

Altars:

Shops:
D:2 !


Innate Abilities, Weirdness & Mutations

You have a pair of small antennae on your head.
When hurt, damage is shared between your health and your magic reserves.
You regenerate magic rapidly.


Message History

You closely miss the scorpion.
You feel very sick. The scorpion stings you.
You take 4 damage, and have 32/41 hp.
You now have 3/10 mp.
You barely miss the scorpion.
You feel very sick. The scorpion barely misses you.
You take 3 damage, and have 29/41 hp.
You hit the scorpion but do no damage. Lightning courses through the scorpion!
You kill the scorpion!
You feel sick.
Your Summonings skill increases to level 4!
You take 1 damage, and have 28/41 hp.
You feel sick.
You see here a scorpion corpse.
You take 1 damage, and have 27/41 hp.
You start resting.
You feel sick. x5
You are no longer poisoned.
You take 5 damage, and have 22/41 hp.
You start resting.
Health restored: 41; MP restored: 10
Found a stone staircase leading down.
An orc comes into view. It is wielding a +0 club.
You see here 2 fizzy orange potions.
An orc is nearby!
An orc is nearby!
Aim: an orc, wielding a +0 club (asleep, 100% to hit)
The magic dart hits the orc.
The orc shouts!
A hobgoblin comes into view.
You now have 9/10 mp.
Aim: a hobgoblin (wandering, hasn't noticed you, 100% to hit)
The magic dart hits the hobgoblin.
The hobgoblin shouts!
You now have 8/10 mp.
Aim: a hobgoblin (moderately wounded, 100% to hit)
The magic dart hits the hobgoblin but does no damage.
A necrophage comes into view.
You now have 7/10 mp.
Aim: a hobgoblin (moderately wounded, 100% to hit)
The magic dart hits the hobgoblin.
Aim: a hobgoblin (severely wounded, 100% to hit)
The magic dart hits the hobgoblin.
You now have 6/10 mp.
Aim: a hobgoblin (almost dead, 100% to hit)
The magic dart hits the hobgoblin.
You kill the hobgoblin!
You now have 5/10 mp.
Aim: an orc, wielding a +0 club (severely wounded, 100% to hit)
The magic dart hits the orc.
You kill the orc!
You now have 4/10 mp.
Aim: a necrophage (100% to hit)
The magic dart hits the necrophage.
You now have 3/10 mp.
Aim: a necrophage (lightly damaged, 100% to hit)
The magic dart hits the necrophage.
Aim: a necrophage (lightly damaged, 100% to hit)
The magic dart hits the necrophage.
The necrophage hits you.
You take 1 damage, and have 40/41 hp.
You now have 2/10 mp.
Aim: a necrophage (moderately damaged, 100% to hit)
The magic dart hits the necrophage.
The necrophage hits you.
You feel drained.
You take 3 damage, and have 37/40 hp.
You now have 1/10 mp.
Aim: a necrophage (moderately damaged, 100% to hit)
The magic dart hits the necrophage.
The necrophage hits you.
You take 2 damage, and have 35/40 hp.
You now have 0/10 mp.
You hit the necrophage. The necrophage hits you.
You feel drained.
You take 6 damage, and have 29/39 hp.
You hit the necrophage but do no damage.
The necrophage hits you.
You take 4 damage, and have 25/39 hp.
You hit the necrophage. The necrophage hits you!
You feel drained.
An iguana comes into view.
You take 8 damage, and have 17/38 hp.
MASSIVE DAMAGE!!
The iguana hisses angrily.
You hit the necrophage. The necrophage misses you.
You hit the necrophage. The necrophage hits you!
* * * LOW HITPOINT WARNING * * *
You take 7 damage, and have 10/38 hp.
Unknown command.
You hit the necrophage.
A hobgoblin comes into view.
The necrophage hits you!
* * * LOW HITPOINT WARNING * * *
You feel drained.
* * * LOW HITPOINT WARNING * * *
You take 8 damage, and have 2/36 hp.
MASSIVE DAMAGE!!
You now have 0/10 mp.
Okay, then.
You aren't carrying any items that you can evoke.
Unknown command.
You closely miss the necrophage.
The hobgoblin shouts!
Your punch misses the necrophage. The necrophage hits you.
You die...

..##'##.. #.###
....#.... #..>#
#.......# #.#.#
'g......+ #.#.#
#.......## #.#.#
...l⌠....## #...#
..........###...#
.....)n@........#
##.....######.#.#
.'#...# #.#.# ##.#
#.#.# #. #.#†# #.
#...#{ .....
####.########.###.##
......
...................#
......
.......#...##.######


You could see a necrophage, an iguana and a hobgoblin.

Vanquished Creatures
  2 scorpions (D:4)
  A jelly (D:4)
  An iguana (D:4)
  An orc wizard (D:3)
  7 adders
  5 worms
  2 dart slugs
  3 orcs
  6 endoplasms
  3 giant cockroaches
  12 goblins
  6 hobgoblins
  13 jackals (D:1)
  5 kobolds
  A quokka (D:4)
  12 ball pythons
  5 bats
  2 frilled lizards
  5 rats
92 creatures vanquished.

Notes
Turn   | Place    | Note
-------+----------+-------------------------------------------
     0 | D:1      | domi the Demonspawn Hedge Wizard began the quest for the
                  | Orb.
     0 | D:1      | Reached XP level 1. HP: 13/13 MP: 4/4
   271 | D:1      | Reached skill level 2 in Conjurations
   365 | D:1      | Gained mutation: You regenerate magic rapidly. [demonic
                  | ancestry]
   365 | D:1      | Reached XP level 2. HP: 19/19 MP: 3/6
  1071 | D:1      | Reached skill level 3 in Conjurations
  1114 | D:1      | Reached XP level 3. HP: 24/24 MP: 4/7
  2024 | D:2      | Found Xalupp's Distillery.
  2074 | D:2      | Reached skill level 4 in Conjurations
  2074 | D:2      | Reached XP level 4. HP: 30/30 MP: 3/8
  2077 | D:2      | Learned a level 2 spell: Call Imp
  2080 | D:2      | Learned a level 2 spell: Blink
  2084 | D:2      | Learned a level 3 spell: Mephitic Cloud
  2992 | D:3      | Gained mutation: You have a pair of small antennae on your
                  | head. [demonic ancestry]
  2992 | D:3      | Reached XP level 5. HP: 24/35 MP: 2/9
  3078 | D:3      | Reached skill level 5 in Conjurations
  3799 | D:3      | Reached skill level 2 in Summonings
  3853 | D:3      | Found a faded altar of an unknown god.
  4042 | D:4      | Reached skill level 3 in Summonings
  4044 | D:4      | HP: 8/35 [poisoned by a scorpion]
  4049 | D:4      | HP: 4/35 [poisoned by a scorpion]
  4369 | D:4      | Gained mutation: When hurt, damage is shared between your
                  | health and your magic reserves. [demonic ancestry]
  4369 | D:4      | Reached XP level 6. HP: 41/41 MP: 5/10
  4693 | D:4      | Reached skill level 4 in Summonings
  4868 | D:4      | HP: 4/38 [necrophage (6)]
  4869 | D:4      | Slain by a necrophage

Illustrated notes

Levels and vault maps discovered:
D:1:      lightli_arrival_statue_moat, layout_loops_corners
D:2:      layout_loops_ring, serial_shops, nicolae_shop_waterfront
D:3:      layout_loops_ring, chequers_ecumenical_altar_lobes
D:4:      minmay_chambers_of_threes, layout_basic, minmay_pentangle

Skill      XL: |  1  2  3  4  5  6 |
---------------+-------------------+-----
Conjurations   | 2 3 4 5 |  5.0
Summonings     | 3 4 |  4.4
Dodging        | |  1.7
Stealth        | |  1.7
Spellcasting   | |  3.0
Translocations | |  0.8

Action                   |  1- 3 |  4- 6 || total
-------------------------+-------+-------++-------
Melee: Dagger            |    65 |    30 ||    95
 Cast: Magic Dart        |   108 |   139 ||   247
  Use: Potion            |     1 |       ||     1
 Stab: Sleeping          |       |     1 ||     1
Armor: Robe              |    13 |     6 ||    19
Dodge: Dodged            |    66 |    20 ||    86

Table legend: (Time is in decaauts)
 A = Elapsed time spent in this place.
 B = Non-inter-level travel time spent in this place.
 C = Inter-level travel time spent in this place.
 D = Time resting spent in this place.
 E = Time spent auto-exploring this place.
 F = Levels seen in this place.
 G = Mean time per level.
                   A        B        C        D        E       F      G
               +--------+--------+--------+--------+--------+-----+--------+
         Total |   4868 |   4729 |    139 |    816 |   3402 |   4 | 1217.0 |
       Dungeon |   4868 |   4729 |    139 |    816 |   3402 |   4 | 1217.0 |
               +--------+--------+--------+--------+--------+-----+--------+

Top non-repeatable levels by time:
     D:1: 1802 daAuts
     D:2: 1129 daAuts
     D:3: 1101 daAuts
     D:4: 834 daAuts

Table legend:
 A = Kills in this place as a percentage of kills in entire the game.
 B = Kills by you in this place as a percentage of kills by you in the entire game.
 C = Kills by friends in this place as a percentage of kills by friends in the entire game.
 D = Other kills in this place as a percentage of other kills in the entire game.
 E = Experience gained in this place as a percentage of experience gained in the entire game.
 F = Experience gained in this place divided by the number of levels of this place that you have seen.
                   A       B       C       D       E      F
               +-------+-------+-------+-------+-------+----------------------
         Total | 100.0 | 100.0 |   N/A |   N/A | 100.0 | 134.0
       Dungeon | 100.0 | 100.0 |   N/A |   N/A | 100.0 | 134.0
               +-------+-------+-------+-------+-------+----------------------
